 Dungeon Crawl Stone Soup version 0.23-a0-446-g036aa52 (webtiles) character file.

9 Dfrag the Firebug (level 2, 5/19 HPs)
             Began as a Demonspawn Fire Elementalist on Nov 18, 2018.
             Quit the game on level 1 of the Dungeon.
             The game lasted 00:00:31 (164 turns).

Dfrag the Firebug (Demonspawn Fire Elementalist)     Turns: 164, Time: 00:00:32

Health: 5/19       AC:  4    Str:  8    XL:     2   Next: 3%
Magic:  0/5        EV: 12    Int: 16    God:
Gold:   58         SH:  0    Dex: 13    Spells: 4/5 levels left

rFire    . . .     SeeInvis .   (no weapon)
rCold    . . .     Gourm    .   (no shield)
rNeg     . . .     Faith    .   a - +0 robe
rPois    .         Spirit   .   (no helmet)
rElec    .         Reflect  .   (no cloak)
rCorr    .         Harm     .   (no gloves)
MR       .....                  (no boots)
Stlth    ++........             (no amulet)
HPRegen  0.06/turn              (no ring)
MPRegen  0.09/turn              (no ring)

@: no status effects
A: yellow scales 1
a: no special abilities


You were on level 1 of the Dungeon.
You were not hungry.

You visited 1 branch of the dungeon, and saw 1 of its levels.

You collected 58 gold pieces.

Inventory:

Armour
 a - a +0 robe (worn)
Scrolls
 b - a scroll of identify {unknown}
Potions
 d - a potion of heal wounds {unknown}
Comestibles
 c - a ration


   Skills:
 - Level 1.7 Dodging
 - Level 1.7 Stealth
 + Level 2.2 Spellcasting
 + Level 1.4 Conjurations
 + Level 2.9 Fire Magic


You had 4 spell levels left.
You knew the following spells:

 Your Spells              Type           Power        Failure   Level  Hunger
a - Flame Tongue          Conj/Fire      #....        9%          1    #......

Your spell library contained the following spells:

 Spells                   Type           Power        Failure   Level  Hunger
 Throw Flame              Conj/Fire      #.....       13%         2    ###....
 Conjure Flame            Conj/Fire      #.......     26%         3    ###....
 Inner Flame              Hex/Fire       #.......     32%         3    ###....
 Sticky Flame             Conj/Fire      #.......     63%         4    #####..
 Fireball                 Conj/Fire      #.........   93%         5    ######.


Dungeon Overview and Level Annotations

Branches:
Dungeon (1/15)

Altars:
Cheibriados


Innate Abilities, Weirdness & Mutations

You are partially covered in yellow scales. (AC +2)


Message History

Aiming: Flame Tongue (safe; 9% risk of failure)
Press: ? - help, Shift-Dir - straight line, f/p - hobgoblin
Aim: a hobgoblin, wielding a +0 club (severely wounded)
The flame tongue misses the hobgoblin.
The flame tongue hits the hobgoblin.
The hobgoblin is moderately wounded.
The hobgoblin hits you with a +0 club.
* * * LOW HITPOINT WARNING * * *
Casting: Flame Tongue (safe; 9% risk of failure)
Confirm with . or Enter, or press ? or * to list all spells.
Aiming: Flame Tongue (safe; 9% risk of failure)
Press: ? - help, Shift-Dir - straight line, f/p - hobgoblin
Aim: a hobgoblin, wielding a +0 club (severely wounded)
The flame tongue hits the hobgoblin.
You kill the hobgoblin!
You have reached level 2!
Your demonic ancestry asserts itself...
Yellow scales grow over part of your body.
The hobgoblin barely misses you.
Unknown command.
Are you sure you want to abandon this character and quit the game? (Confirm

.....##...##..........
......+.<.'......#....
......#...#.##...#....
......#####....#...........#
.............#.#...........#
.........####.....#........###
...[...#........#.#..........##
......####..###...#.#.........##
.....#####.## ##@.#.##.........#
.#.........# ##.#.##..........
.......#..## #.g).#.........#
...######..# ##.#w..........#
...# ##.# #..###.........# †###
#.# #.## ##.......## .# #.# #.
.........# .## #.# #.#
#.w.......# ..# ###.######.#
#.........#


You could see a dart slug and a hobgoblin.

Vanquished Creatures
  A leopard gecko (D:1)
  2 giant cockroaches (D:1)
  2 goblins (D:1)
  A hobgoblin (D:1)
  A rat (D:1)
7 creatures vanquished.

Notes
Turn   | Place    | Note
-------+----------+-------------------------------------------
     0 | D:1      | Dfrag the Demonspawn Fire Elementalist began the quest for
                  | the Orb.
     0 | D:1      | Reached XP level 1. HP: 13/13 MP: 3/3
    14 | D:1      | Found a snail-covered altar of Cheibriados.
   161 | D:1      | Gained mutation: You are partially covered in yellow
                  | scales. (AC +2) [demonic ancestry]
   161 | D:1      | Reached XP level 2. HP: 5/19 MP: 0/5
   164 | D:1      | Quit the game

Vault maps used:
D:1:      dpeg_arrival_tiny_f, minmay_misc_feat_more_columns,
          cheibriados_altar_1

Action                   || total
-------------------------++-------
Melee: Unarmed           ||     2
 Cast: Flame Tongue      ||    10
Dodge: Dodged            ||     5

Table legend:
 A = Non-vault XP
 B = Vault XP
 C = Vault XP percentage of total XP
 D = Non-vault monster count
 E = Vault monster count
 F = Vault count percentage of total count
                 A         B        C        D         E       F
            +---------+---------+-------+---------+---------+-------
      Total |      13 |       0 |   0.0 |       7 |       0 |   0.0
            +---------+---------+-------+---------+---------+-------
        D:1 |      13 |       0 |   0.0 |       7 |       0 |   0.0
            +---------+---------+-------+---------+---------+-------
